 Dungeon Crawl Stone Soup version 0.23.2-11-gf996548 (webtiles) character file.

Game seed: 14348721311887383742

5760 Fortress the Cleaver (level 10, 0/141 HPs)
             Began as a Deep Dwarf Berserker on June 6, 2019.
             Was an Elder of Trog.
             Succumbed to a killer bee's poison
             ... on level 9 of the Dungeon.
             The game lasted 01:00:00 (7791 turns).

Fortress the Cleaver (Deep Dwarf Berserker)         Turns: 7791, Time: 01:00:00

Health: 0/141      AC: 18    Str: 29    XL:     10   Next: 49%
Magic:  0/5        EV: 12    Int:  8    God:    Trog [****..]
Gold:   452        SH:  0    Dex: 18    Spells: 9/9 levels left

rFire    + . .     SeeInvis .   F - +5 dire flail (protect)
rCold    . . .     Gourm    .   (shield currently unavailable)
rNeg     . . .     Faith    .   p - +1 scale mail {rC+}
rPois    .         Spirit   +   (no helmet)
rElec    .         Reflect  .   (no cloak)
rCorr    .         Harm     .   (no gloves)
MR       +++..                  q - +1 pair of boots
Stlth    ..........             H - amulet of guardian spirit
HPRegen  1.00/turn              o - ring of fire
MPRegen  0.09/turn              m - +6 ring of dexterity

@: berserking, lethally poisoned (0 -> -22), protection aura, non-regenerating,
very quick
A: damage resistance, heal wounds, sense surroundings 2, no regeneration
a: Heal Wounds, Berserk, Trog's Hand, Brothers in Arms, Renounce Religion


You were on level 9 of the Dungeon.
You worshipped Trog.
Trog was greatly pleased with you.
You were not hungry.

You visited 2 branches of the dungeon, and saw 10 of its levels.
You also visited: Ossuary.

You collected 452 gold pieces.

Inventory:

Hand Weapons
 z - the +2 whip of Conscience {drain, SInv}
   (You found it on level 5 of the Dungeon)

   A truly terrible weapon, it drains the life of those it strikes.
   It lets you see invisible.
 B - a +0 hand crossbow of flaming
 F - a +5 dire flail of protection (weapon)
Armour
 p - a +1 scale mail of cold resistance (worn)
 q - a +1 pair of boots (worn)
Jewellery
 m - a +6 ring of dexterity (right hand)
 o - a ring of fire (left hand)
 C - an uncursed ring of protection from fire {unknown}
 D - an uncursed ring of flight {unknown}
 H - an amulet of guardian spirit (around neck)
Wands
 k - a wand of iceblast (3)
 E - a wand of flame (26)
Scrolls
 e - 4 scrolls of remove curse
 g - 2 scrolls of magic mapping
 i - 3 scrolls of enchant armour
 s - 3 scrolls of teleportation
 y - a scroll of enchant weapon
Potions
 d - 5 potions of haste
 f - 3 potions of agility
 h - a potion of berserk rage {unknown}
 j - 3 potions of heal wounds
 n - a potion of flight {unknown}
 t - 3 potions of mutation
 u - 2 potions of ambrosia {unknown}
 v - 4 potions of might
 w - 6 potions of curing
 x - 2 potions of brilliance {unknown}
Comestibles
 a - a chunk of flesh
 c - 12 rations


   Skills:
 + Level 7.2 Fighting
   Level 10.1(11.5) Axes
 + Level 8.5(10.3) Maces & Flails
 + Level 7.6 Armour
 - Level 3.0 Dodging


You had 9 spell levels left.
You didn't know any spells.
Your spell library was empty.

Dungeon Overview and Level Annotations

Branches:
Dungeon (9/15)             Temple (1/1) D:5            Lair (0/6) D:8
    Orc: D:9-12

Altars:
Ashenzari
Cheibriados
Dithmenos
Elyvilon
Fedhas
Gozag
Hepliaklqana
Kikubaaqudgha
Makhleb
Nemelex Xobeh
Okawaru
Qazlal
Sif Muna
Trog
Uskayaw
Vehumet
Wu Jian
Xom
Yredelemnul
Zin
The Shining One


Innate Abilities, Weirdness & Mutations

You are resistant to damage.
You can heal yourself by infusing magical energy.
You passively map the area around you.
You do not regenerate.


Message History

* * * LOW HITPOINT WARNING * * *
You are more poisoned.
The killer bee poisons you!
You bludgeon the killer bee!!
You kill the killer bee!
Trog accepts your kill.
* * * LOW HITPOINT WARNING * * *
You feel very sick.
You puncture something!
* * * LOW HITPOINT WARNING * * *
You feel very sick.
You miss something.
* * * LOW HITPOINT WARNING * * *
You feel sick. Something hits you but does no damage.
You hit something. Trog accepts your kill.
Trog appreciates your killing of a magic user.
Reactivating autopickup.
You feel a bit more experienced.
You die...

#)..#.#
,###)#)#.+ ,*
,#.#.#...# **
* #.#.###.#
,,, #...#,..#
* * ###'# ###
#.# ###.# **
#.†@#
#.....#)#**
#.##+##o)...#*
* ........# *
,,,.####....#
* * * ,.#
.#..# * , , ,
.# * #,.# , ,
** .# , ., **
*.o* ,* *, , *


You could see an orc warrior.

Vanquished Creatures
  Harold (D:7)
  A queen bee (D:9)
  2 hippogriffs (D:7)
  Sigmund (D:3)
  A wraith (Ossuary)
  Eustachio (D:5)
  Edmund (D:6)
  A water moccasin (D:8)
  3 orc warriors
  An ice beast (D:5)
  A phantom (D:5)
  2 black bears
  7 ogres
  A centaur (D:8)
  2 big kobolds (D:8)
  Blork the orc (D:6)
  2 bullfrogs
  4 scorpions
  14 killer bees (D:9)
  3 wights (D:9)
  2 howler monkeys (D:7)
  5 crimson imps
  Crazy Yiuf (D:6)
  A bullfrog zombie (D:5)
  A hound (D:8)
  A jelly (D:8)
  4 orc priests
  2 bullfrog skeletons (D:5)
  2 iguanas
  9 orc wizards
  3 worker ants
  A big kobold zombie (Ossuary)
  3 mummies (Ossuary)
  A worker ant zombie (D:7)
  A howler monkey skeleton (D:5)
  6 gnolls
  10 adders
  A shadow imp (D:5)
  2 adder skeletons
  10 worms
  3 dart slugs
  4 leopard geckos
  18 orcs
  7 bats
  3 giant cockroaches
  14 hobgoblins
  4 jackals (D:3)
  19 kobolds
  2 quokkas
  A ball python (D:3)
  5 frilled lizards
  A giant cockroach zombie (D:5)
  A gnoll zombie (Ossuary)
  9 goblins
  4 goblin zombies (Ossuary)
  2 hobgoblin zombies (Ossuary)
  2 kobold zombies (Ossuary)
  A leopard gecko skeleton (D:4)
  A leopard gecko zombie (D:5)
  8 rats
225 creatures vanquished.

Notes
Turn   | Place    | Note
-------+----------+-------------------------------------------
     0 | D:1      | Fortress the Deep Dwarf Berserker began the quest for the
                  | Orb.
     0 | D:1      | Reached XP level 1. HP: 20/20 MP: 1/1
   308 | D:1      | Reached XP level 2. HP: 22/27 MP: 2/2
   961 | D:2      | Reached skill level 4 in Axes
   961 | D:2      | Reached XP level 3. HP: 17/34 MP: 2/2
  1251 | D:2      | Reached ** piety under Trog
  1450 | D:2      | Reached XP level 4. HP: 19/42 MP: 2/2
  2289 | D:3      | Noticed Sigmund
  2316 | D:3      | Killed Sigmund
  2316 | D:3      | Reached skill level 5 in Axes
  2316 | D:3      | Reached XP level 5. HP: 21/50 MP: 3/3
  2696 | D:4      | Noticed an ogre
  2703 | D:4      | Killed an ogre
  2703 | D:4      | Reached skill level 6 in Axes
  2703 | D:4      | Reached XP level 6. HP: 57/57 MP: 3/3
  2826 | D:4      | Found a blossoming altar of Fedhas.
  3047 | D:4      | Reached skill level 7 in Axes
  3047 | D:4      | Reached XP level 7. HP: 64/64 MP: 4/4
  3108 | D:4      | Reached *** piety under Trog
  3766 | D:5      | Entered Level 5 of the Dungeon
  3781 | D:5      | Found a staircase to the Ecumenical Temple.
  3843 | D:5      | Found a burning altar of Makhleb.
  3861 | D:5      | Found a sand-covered staircase.
  3868 | Ossuary  | Entered an ossuary
  3868 | Ossuary  | Noticed a wraith
  3868 | Ossuary  | Noticed a wraith
  3868 | Ossuary  | Noticed a wraith
  4085 | Ossuary  | Noticed a wraith
  4095 | Ossuary  | Killed a wraith
  4095 | Ossuary  | Reached skill level 8 in Axes
  4369 | D:5      | Noticed Eustachio
  4393 | D:5      | Killed Eustachio
  4393 | D:5      | Reached XP level 8. HP: 59/73 MP: 5/5
  4536 | D:5      | Noticed a moth of wrath
  4538 | D:5      | Found a bloodstained altar of Trog.
  4561 | D:5      | Got a shimmering whip
  4667 | D:5      | Reached skill level 5 in Fighting
  4667 | D:5      | Reached skill level 9 in Axes
  4678 | Temple   | Entered the Ecumenical Temple
  4846 | D:5      | Found an ornate altar of the Wu Jian Council.
  5077 | D:5      | Reached skill level 5 in Armour
  5446 | D:6      | Noticed Edmund
  5461 | D:6      | Killed Edmund
  5461 | D:6      | Reached skill level 10 in Axes
  5466 | D:6      | Identified the cursed +2 whip of Conscience {drain, SInv}
                  | (You found it on level 5 of the Dungeon)
  5631 | D:6      | Found a runed translucent door.
  5632 | D:6      | Noticed Crazy Yiuf
  5638 | D:6      | Killed Crazy Yiuf
  5638 | D:6      | Gained mutation: You passively map the area around you.
                  | [Deep Dwarf growth]
  5638 | D:6      | Reached XP level 9. HP: 82/82 MP: 4/4
  5716 | D:6      | Noticed Blork the orc
  5719 | D:6      | Killed Blork the orc
  5719 | D:6      | Reached skill level 1 in Maces & Flails
  5735 | D:6      | Found a shimmering altar of Xom.
  5735 | D:6      | Found a shimmering altar of Xom.
  5736 | D:6      | Found a shimmering altar of Xom.
  6121 | D:7      | Noticed Harold
  6129 | D:7      | Killed Harold
  6321 | D:7      | Reached skill level 5 in Maces & Flails
  6901 | D:7      | Reached XP level 10. HP: 76/92 MP: 5/5
  6944 | D:8      | Reached **** piety under Trog
  7189 | D:8      | Found a staircase to the Lair.
  7346 | D:8      | Got a distressingly furry robe
  7357 | D:8      | Identified the +1 robe "Ity Lenn" {*Slow rC- Str+3 Dex+9}
                  | (You found it on level 8 of the Dungeon)
  7425 | D:8      | Found a stormy altar of Qazlal.
  7433 | D:8      | Found a sparkling altar of Nemelex Xobeh.
  7559 | D:8      | Found a hide-covered altar of Uskayaw.
  7788 | D:9      | HP: 5/141 [poisoned by a killer bee]
  7790 | D:9      | HP: 2/141 [poisoned by a killer bee]
  7791 | D:9      | Succumbed to a killer bee's poison

Skill      XL: |  1  2  3  4  5  6  7  8  9 10 |
---------------+-------------------------------+-----
Fighting       | 3 4 5 6 7 |  7.2
Axes           | 4 5 6 7 8 10 | 10.1
Dodging        | 3 |  3.0
Armour         | 3 4 6 7 |  7.6
Maces & Flails | 6 8 |  8.5

Action                   |  1- 3 |  4- 6 |  7- 9 | 10-12 || total
-------------------------+-------+-------+-------+-------++-------
Melee: Hand axe          |    56 |   173 |   320 |       ||   549
       Dagger            |   151 |       |       |       ||   151
       Dire flail        |       |       |   105 |   146 ||   251
       Whip              |       |       |    13 |       ||    13
Invok: Trog's Hand       |     2 |     2 |    12 |     1 ||    17
       Berserk           |       |     4 |     6 |     2 ||    12
 Abil: Heal Wounds       |     2 |     2 |     5 |     2 ||    11
  Use: Scroll            |       |    12 |     4 |     7 ||    23
 Stab: Sleeping          |       |       |       |     1 ||     1
  Eat: Chunk             |     3 |     5 |    11 |       ||    19
       Ration            |       |     1 |     4 |     1 ||     6
Armor: Animal skin       |    24 |       |       |       ||    24
       Scale mail        |    59 |    66 |   152 |    67 ||   344
       Skin              |       |       |       |     6 ||     6
Dodge: Dodged            |   175 |    88 |   213 |   125 ||   601
